Map: through the darkness

Players

Tesla - Winner!

  • Race: Protoss Protoss

PvP

  • Race: Protoss Protoss
  • League: Master

VOD

Have the link to the VOD?

Description

Time

  • Played on: Sept. 24, 2016, 11:26 p.m.
  • Length: 10:05
Show
View Real Time Build Order
Export as new Build Order

Tesla Protoss - Winner!

Build Orders:  

Get SALT Encoding   

  12  0:00  Probe (Chrono Boost)  
  13  0:11  Probe (Chrono Boost)  
  14  0:18  Pylon  
  14  0:22  Probe (Chrono Boost)  
  15  0:36  Probe (Chrono Boost)  
  15  0:37  Gateway  
  16  0:44  Assimilator  
  16  0:47  Probe (Chrono Boost)  
  17  0:57  Probe (Chrono Boost)  
  17  1:02  Pylon  
  18  1:08  Probe (Chrono Boost)  
  20  1:18  Probe (Chrono Boost)  
  20  1:26  Cybernetics Core  
  20  1:28  Gateway  
  20  1:31  Probe (Chrono Boost)  
  21  1:35  Zealot  
  23  1:43  Probe (Chrono Boost)  
  24  1:56  Probe (Chrono Boost)  
  24  1:59  Warp Gate  
  25  2:20  Probe (Chrono Boost), Adept  
  28  2:26  Robotics Facility  
  28  2:36  Nexus  
  28  2:40  Pylon  
  29  2:45  Probe (Chrono Boost)  
  29  2:46  Adept  
  30  3:06  Gateway  
  30  3:08  Gateway  
  30  3:10  Adept  
  30  3:12  Adept  
  34  3:26  Assimilator  
  34  3:29  Probe (Chrono Boost)  
  34  3:31  Assimilator  
  35  3:42  Pylon  
  35  3:47  Pylon  
  37  3:49  Mothership Core (Chrono Boost)  
  37  3:51  Probe (Chrono Boost)  
  38  4:02  Stalker  
  40  4:05  Adept  
  42  4:11  Probe (Chrono Boost)  
  42  4:12  Probe (Chrono Boost)  
  42  4:15  Gateway  
  44  4:23  Warp Prism  
  44  4:26  Probe (Chrono Boost)  
  44  4:28  Probe (Chrono Boost)  
  48  4:35  Adept  
  50  4:42  Probe (Chrono Boost)  
  50  4:45  Probe (Chrono Boost)  
  52  4:48  Adept  
  54  4:53  Probe (Chrono Boost)  
  54  4:55  Pylon  
  54  4:56  Observer  
  54  4:57  Probe (Chrono Boost)  
  54  4:58  Stalker  
  59  5:03  Probe (Chrono Boost)  
  60  5:09  Probe (Chrono Boost)  
  60  5:11  Assimilator  
  60  5:12  Pylon  
  62  5:14  Probe (Chrono Boost)  
  62  5:17  Sentry  
  65  5:21  Probe (Chrono Boost), Immortal  
  65  5:25  Probe (Chrono Boost)  
  70  5:35  Probe (Chrono Boost)  
  71  5:38  Stalker  
  73  5:46  Probe (Chrono Boost)  
  74  5:50  Stalker  
  74  5:51  Stalker  
  78  5:57  Gateway  
  78  6:00  Gateway  
  78  6:12  Pylon  
  78  6:14  Pylon  
  78  6:25  Immortal  
  78  6:31  Probe (Chrono Boost)  
  78  6:32  Probe (Chrono Boost)  
  84  6:33  Twilight Council  
  84  6:40  Adept x2  
  84  6:41  Probe (Chrono Boost), Adept  
  67  7:10  Stalker x5  
  67  7:15  Immortal  
  71  7:38  Mothership Core (Chrono Boost)  
  71  7:39  Stalker x2  
  71  7:40  Stalker x3  
  83  7:54  Immortal  
  81  8:02  Blink  
  85  8:07  Adept x4  
  93  8:13  Pylon  
  93  8:15  Pylon  
  81  8:38  Adept x5  
  87  8:45  Immortal  
  85  9:01  Stalker  
  85  9:02  Stalker x3  
  91  9:19  Adept  
  91  9:22  Observer  
  78  9:33  Stalker x4  
  82  9:49  Probe (Chrono Boost)  
  82  9:50  Stalker  
  82  9:51  Probe (Chrono Boost)  
Show
View Real Time Build Order
Export as new Build Order

PvP Protoss 

Build Orders: Dark Templar Rush 

Get SALT Encoding   

  12  0:01  Probe (Chrono Boost)  
  13  0:11  Probe (Chrono Boost)  
  14  0:19  Pylon  
  14  0:25  Probe (Chrono Boost)  
  15  0:37  Probe (Chrono Boost)  
  15  0:39  Gateway  
  16  0:43  Assimilator  
  16  0:47  Probe (Chrono Boost)  
  17  0:52  Assimilator  
  17  0:58  Probe (Chrono Boost)  
  18  1:06  Gateway  
  18  1:09  Probe (Chrono Boost)  
  19  1:19  Probe (Chrono Boost)  
  20  1:26  Cybernetics Core  
  20  1:30  Probe (Chrono Boost)  
  21  1:35  Pylon  
  21  1:41  Probe (Chrono Boost)  
  22  1:52  Assimilator  
  22  1:54  Probe (Chrono Boost)  
  23  2:01  Pylon  
  23  2:05  Stalker  
  25  2:09  Stalker  
  25  2:15  Warp Gate  
  27  2:35  Stalker x2  
  31  2:57  Pylon  
  31  3:02  Twilight Council  
  31  3:14  Nexus  
  31  3:21  Stalker  
  34  3:44  Mothership Core (Chrono Boost)  
  34  3:45  Dark Shrine  
  35  3:58  Pylon  
  35  4:04  Robotics Facility  
  35  4:16  Pylon  
  35  4:18  Probe (Chrono Boost)  
  36  4:26  Forge  
  36  4:27  Probe (Chrono Boost)  
  37  4:33  Assimilator  
  37  4:37  Sentry x2  
  41  4:46  Probe (Chrono Boost)  
  41  4:47  Probe (Chrono Boost)  
  44  4:59  Probe (Chrono Boost)  
  45  5:00  Probe (Chrono Boost)  
  45  5:02  Dark Templar  
  47  5:08  Assimilator  
  47  5:10  Probe (Chrono Boost)  
  47  5:11  Probe (Chrono Boost)  
  49  5:17  Dark Templar  
  49  5:20  Probe (Chrono Boost)  
  53  5:21  Probe (Chrono Boost)  
  53  5:31  Probe (Chrono Boost), Immortal  
  53  5:35  Probe (Chrono Boost)  
  55  5:41  Probe (Chrono Boost)  
  58  5:43  Pylon  
  58  5:46  Protoss Ground Weapons Level 1  
  58  5:47  Probe (Chrono Boost)  
  57  5:52  Probe (Chrono Boost)  
  58  5:59  Probe (Chrono Boost)  
  58  6:02  Probe (Chrono Boost)  
  60  6:08  Immortal  
  65  6:11  Probe (Chrono Boost)  
  65  6:14  Probe (Chrono Boost)  
  66  6:21  Probe (Chrono Boost)  
  66  6:25  Probe (Chrono Boost)  
  68  6:26  Robotics Bay  
  69  6:34  Probe (Chrono Boost)  
  69  6:35  Probe (Chrono Boost), Resonating Glaives  
  70  6:46  Probe x2 (Chrono Boost)  
  67  6:58  Probe (Chrono Boost)  
  60  7:02  Dark Templar  
  60  7:06  Probe (Chrono Boost)  
  55  7:10  Probe (Chrono Boost)  
  55  7:11  Stalker  
  50  7:40  Stalker x2  
  53  7:52  Gateway  
  53  7:54  Gateway  
  53  7:55  Pylon  
  53  7:56  Gateway  
  53  7:58  Pylon  
  49  8:00  Pylon  
  49  8:01  Pylon  
  44  8:12  Disruptor  
  47  8:23  Dark Templar  
  26  8:47  Stalker  
  25  8:59  Stalker x3  
  25  9:00  Stalker  
Tags
 
Add a new tag
Caveats
  • Supply blocks, unpowered buildings, or Contaminate may cause inaccurate times.
  • Supply counts are checked every 10 seconds.